 Dungeon Crawl Stone Soup version 0.30-a0-347-gf58ed5266c (webtiles) character file.

Game seed: 12337269842939665050

746 RascalDebosk the Magician (level 8, -5/56 HPs)
             Began as a Djinni Fire Elementalist on Nov 6, 2022.
             Was an Initiate of Gozag.
             Slain by Duvessa (6 damage)
             ... on level 6 of the Dungeon.
             The game lasted 00:32:25 (3693 turns).

RascalDebosk the Magician (DjFE)                    Turns: 3693, Time: 00:32:26

Health: -5/56      AC:  3    Str:  7    XL:     8   Next: 5%
Gold:   736        EV: 12    Int: 20    God:    Gozag SH:  0 Dex: 13

rFire   + + .      SeeInvis .    s - +0 dagger
rCold   x . .      Faith    .    (no shield)
rNeg    . . .      Spirit   .    a - +0 robe
rPois   ∞          Reflect  .    (no helmet)
rElec   .          Harm     .    (no cloak)
rCorr   .          Rampage  .    f - +0 pair of gloves
Will    .....                    (boots unavailable)
Stlth   ++........               (no amulet)
HPRegen 0.29/turn                (no ring)
MPRegen 0.00/turn                (no ring)

@: flying
A: sickness immunity, fire resistance 2, cold vulnerability 1, float, innate
caster, HP casting, extra vitality 1
a: Renounce Religion, Potion Petition, Call Merchant, Bribe Branch


You were on level 6 of the Dungeon.
You worshipped Gozag.
Gozag was pleased with you.
You visited 2 branches of the dungeon, and saw 6 of its levels.

You collected 736 gold pieces.

Inventory:

Hand Weapons
 r - a +2 hand axe of electrocution
 s - a +0 dagger (weapon)
Missiles
 i - 3 throwing nets {@!f}
Armour
 a - a +0 robe (worn)
 f - a +0 pair of gloves (worn)
Wands
 p - a wand of acid (4)
 t - a wand of mindburst (23)
Scrolls
 b - a scroll of poison {unknown}
 e - a scroll of teleportation {unknown}
 g - 3 scrolls of blinking
 l - a scroll of noise {unknown}
 o - a scroll of enchant armour {unknown}
Potions
 c - 2 potions of attraction
 d - a potion of invisibility
 h - a potion of might {unknown}
 j - 2 potions of berserk rage
 k - a potion of mutation {unknown}
 m - a potion of lignification {unknown}
 n - a potion of curing
 q - a potion of brilliance {unknown}


   Skills:
 + Level 3.0 Fighting
 + Level 3.0 Dodging
 - Level 1.5 Stealth
 * Level 6.1 Spellcasting


You couldn't memorise any spells.
You knew the following spells:

 Your Spells              Type           Power      Damage    Failure   Level
a - Foxfire               Conj/Fire      100%       2x1d9     1%          1
b - Scorch                Fire           60%        2d8       1%          2
c - Kindle Blastsparks    Fire/Tloc/Air  60%        2d15      2%          3
d - Inner Flame           Hex/Fire       30%        N/A       2%          3
e - Flame Wave            Conj/Fire      30%        2d9       9%          4
f - Magic Dart            Conj           100%       1d8       1%          1
g - Blink                 Tloc           60%        N/A       1%          2
h - Tukima's Dance        Hex            30%        N/A       2%          3
Your spell library was empty.

Dungeon Overview and Level Annotations

Branches:
Dungeon (4/15)             Temple (1/1) D:4

Altars:
Ashenzari
Cheibriados
Elyvilon
Fedhas
Gozag
Hepliaklqana
Makhleb
Nemelex Xobeh
Qazlal
Uskayaw
Wu Jian
Yredelemnul
Zin
The Shining One

Annotations:
D:6 Dowan, Duvessa


Innate Abilities, Weirdness & Mutations

You are immune to sickness and miasma.
You are immune to poison.
Your flesh is very heat resistant. (rF++)
You are vulnerable to cold. (rC-)
You float through the air rather than walking.
You learn spells naturally, not from books.
Your magical power is your life essence.
You have superior vitality. (+4 MHP)


Message History

Press: ? - help, Dir - move target, f - Dowan
Aim: Dowan, wielding a +0 dagger and wearing a +0 robe (wandering, hasn't noticed you, chance to affect: 84%) Dowan is no longer distracted by gold.
Dowan shouts!
Dowan is filled with an inner flame.
You hear a shout! x2
Dowan points at you and mumbles some strange words.
The puff of flame hits you. You resist. Dowan gestures at you while chanting.
The puff of flame hits you. You resist.
Casting: Inner Flame (dangerous; 2% risk of failure)
Confirm with . or Enter, or press ? or * to list all spells.
A cloud of volatile blastsparks flares up around you!
Duvessa, Sister of Dowan comes into view.
She is wielding a +0 rapier.
Casting: Kindle Blastsparks (dangerous; 2% risk of failure)
Confirm with . or Enter, or press ? or * to list all spells.
Aiming: Inner Flame (dangerous; 2% risk of failure)
Press: ? - help, Dir - move target, f - Duvessa, p - Dowan
Aim: Duvessa, wielding a +0 rapier and wearing a +0 chain mail (chance to affect: 71%) Duvessa struggles to resist.
Casting: Inner Flame (dangerous; 2% risk of failure)
Confirm with . or Enter, or press ? or * to list all spells.
Aiming: Inner Flame (dangerous; 2% risk of failure)
Press: ? - help, Dir - move target, f/p - Duvessa
Aim: Duvessa, wielding a +0 rapier and wearing a +0 chain mail (chance to affect: 71%) Duvessa struggles to resist.
Dowan points at Duvessa and mumbles some strange words.
Duvessa seems to speed up.
Casting: Inner Flame (dangerous; 2% risk of failure)
Confirm with . or Enter, or press ? or * to list all spells.
Aiming: Inner Flame (dangerous; 2% risk of failure)
Press: ? - help, Dir - move target, f/p - Duvessa
Aim: Duvessa, wielding a +0 rapier and wearing a +0 chain mail (fast, chance to affect: 71%) Duvessa is filled with an inner flame.
The cloud of blastsparks explodes!
The concussive blast engulfs Duvessa!
Flame seeps out of Duvessa.
Duvessa is moderately wounded.
Duvessa is engulfed in blazing flames.
Flame seeps out of Duvessa.
Dowan smirks and points a slender finger.
Casting: Inner Flame (dangerous; 2% risk of failure)
Confirm with . or Enter, or press ? or * to list all spells.
You blink.
Duvessa hits you with a +0 rapier! Duvessa closely misses you.
Casting: Blink (safe; 1% risk of failure)
Confirm with . or Enter, or press ? or * to list all spells.
Aiming: Tukima's Dance (dangerous; 2% risk of failure)
Press: ? - help, Shift-Dir - straight line, f/p - Duvessa
Aim: Duvessa, wielding a +0 rapier and wearing a +0 chain mail (heavily wounded, fast, inner flame, chance to affect: 42%)
You miscast Tukima's Dance.
You are very lightly contaminated with residual magic.
Nothing appears to happen.
* * * LOW HITPOINT WARNING * * *
Duvessa hits you with a +0 rapier.
* * * LOW HITPOINT WARNING * * *
Duvessa hits you with a +0 rapier!
* * * LOW HITPOINT WARNING * * *
Casting: Tukima's Dance (dangerous; 2% risk of failure)
Confirm with . or Enter, or press ? or * to list all spells.
Aiming: Tukima's Dance (dangerous; 2% risk of failure)
Press: ? - help, Shift-Dir - straight line, f/p - Duvessa
Aim: Duvessa, wielding a +0 rapier and wearing a +0 chain mail (heavily wounded, fast, inner flame, chance to affect: 42%)
The +0 rapier dances into the air!
* * * LOW HITPOINT WARNING * * *
You feel stable enough to blink again. Duvessa misses you.
Dowan points at you and mumbles some strange words.
The puff of frost misses you.
Unknown command.
You swap places.
Duvessa hits you but does no damage. Duvessa misses you.
Dowan hits your +0 rapier with a +0 dagger.
Duvessa attacks as you move away! Duvessa hits you!
* * * LOW HITPOINT WARNING * * *
Your +0 rapier hits Duvessa.
Flame seeps out of Duvessa.
Dowan hits your +0 rapier with a +0 dagger.
Your +0 rapier falls from the air.
Duvessa attacks as you move away! Duvessa barely misses you.
Duvessa is engulfed in blazing flames.
Flame seeps out of Duvessa.
Duvessa drinks a potion.
Duvessa is healed!
Duvessa is engulfed in blazing flames.
Flame seeps out of Duvessa.
Your magical contamination has completely faded away.
Casting: Tukima's Dance (dangerous; 2% risk of failure)
Confirm with . or Enter, or press ? or * to list all spells.
You conjure some foxfire!
* * * LOW HITPOINT WARNING * * *
Duvessa barely misses you. Duvessa misses you.
Your foxfire dissipates!
The foxfire hits Duvessa but does no damage.
Duvessa is almost dead.
Duvessa hits you.
* * * LOW HITPOINT WARNING * * *
Dowan says, "My weaknesses are her strengths!"
Dowan gestures wildly while chanting.
Dowan blinks!
Dowan points at you and mumbles some strange words.
The puff of frost misses you.
Casting: Foxfire (safe; 1% risk of failure)
Confirm with . or Enter, or press ? or * to list all spells.
You conjure some foxfire!
* * * LOW HITPOINT WARNING * * *
Duvessa hits you.
You die...
Your body crumbles into a pile of gold.

....... .. ... ##....... ###.###
###.........# #.....##.......
............. .8...8.#........
#...........
.......#.......########.........#
..._..........##......#.........#
.......#......##v.....#.........#
.8...8.#......##@e............>.#
#.....##......##v.....#.........#
###.###.......##e...).#)........#
...............########..........
................######...........
#..............).))..........$..$
##...........#####.##....###....)
##..........# ###....#### ####..
##.......### #....### #.e.


You could see Duvessa (fast, inner flame, ally target) and Dowan (inner flame,
ally target).

Vanquished Creatures
  Edmund (D:4)
  A black bear (D:4)
  A gnoll sergeant (D:6)
  A jelly (D:4)
  4 hounds
  An orc priest (D:4)
  4 iguanas
  6 gnolls (D:6)
  Robin (D:2)
  3 adders
  A worm (D:4)
  5 orcs
  5 bats
  4 endoplasms
  4 giant cockroaches
  18 goblins
  8 hobgoblins
  6 jackals
  2 kobolds (D:1)
  3 quokkas
  8 ball pythons
  4 frilled lizards (D:1)
  3 rats
94 creatures vanquished.

Vanquished Creatures (collateral kills)
  An orc (D:4)
1 creature vanquished.

Vanquished Creatures (others)
  A dancing weapon (D:6)
  112 foxfires
113 creatures vanquished.

Grand Total: 208 creatures vanquished

Notes
Turn   | Place    | Note
-------+----------+-------------------------------------------
     0 | D:1      | RascalDebosk the Djinni Fire Elementalist began the quest
                  | for the Orb.
     0 | D:1      | RascalDebosk set off with the following spells memorised:
                  | Foxfire, Scorch, Kindle Blastsparks, Inner Flame, Flame
                  | Wave.
     0 | D:1      | Reached XP level 1. HP: 15/15 MP: 0/0
   136 | D:1      | Reached XP level 2. HP: 20/21 MP: 0/0
   186 | D:1      | Reached skill level 3 in Spellcasting
   214 | D:1      | Found a faded altar of an unknown god.
   229 | D:1      | Prayed at the altar of an unknown god.
   229 | D:1      | Became a worshipper of Gozag Ym Sagoz the Greedy
   261 | D:1      | Reached XP level 3. HP: 22/25 MP: 0/0
   261 | D:1      | Learned a level 1 spell: Magic Dart
   792 | D:2      | Found a glowing golden altar of the Shining One.
   821 | D:2      | Noticed Robin
   868 | D:2      | Killed Robin
   869 | D:2      | Reached XP level 4. HP: 9/31 MP: 0/0
  1375 | D:2      | Reached skill level 4 in Spellcasting
  1713 | D:3      | Reached XP level 5. HP: 27/35 MP: 0/0
  1713 | D:3      | Learned a level 2 spell: Blink
  2410 | D:4      | Noticed a black bear
  2417 | D:4      | Killed a black bear
  2418 | D:4      | Reached skill level 5 in Spellcasting
  2418 | D:4      | Reached XP level 6. HP: 32/41 MP: 0/0
  2478 | D:4      | Reached skill level 1 in Fighting
  2510 | D:4      | Found a staircase to the Ecumenical Temple.
  2512 | D:4      | Noticed Edmund
  2528 | D:4      | Killed Edmund
  2529 | D:4      | Reached XP level 7. HP: 10/48 MP: 0/0
  2529 | D:4      | Learned a level 3 spell: Tukima's Dance
  2985 | Temple   | Entered the Ecumenical Temple
  3296 | D:4      | You are sucked into a shaft and drop 2 floors!
  3314 | D:6      | Found an opulent altar of Gozag.
  3517 | D:6      | Reached skill level 6 in Spellcasting
  3606 | D:6      | Reached XP level 8. HP: 45/55 MP: 0/0
  3663 | D:6      | Noticed Dowan
  3675 | D:6      | Noticed Duvessa
  3687 | D:6      | HP: 2/56 [Duvessa (8)]
  3693 | D:6      | Slain by Duvessa

Illustrated notes

Levels and vault maps discovered:
D:1:      lightli_arrival_chessboard, layout_basic,
          shapermc_ecumenical_altar_starsandcircs
D:2:      layout_loops_ring, basic_altar, hex_tiny, minmay_misc_feat_encased,
          hangedman_decor_points, nrook_campfire, uniq_robin
D:3:      layout_basic, chequers_big_river
D:4:      layout_loops_ring, grunt_dithmenos_smoke_and_mirrors,
          minmay_temple_entry_glass, uniq_edmund
D:6:      layout_cave_pods, dk_xom_monty_hall, grunt_gozag_statues,
          serial_gnoll_camp, gnoll_camp_mini_basic, gnoll_camp_mini_basic,
          gnoll_camp_medium_01, gnoll_camp_mini_hut, gnoll_camp_mini_shop,
          gnoll_camp_mini_shop, lightli_ossuary_entry_decrepit_ruins,
          dreamdust_gnoll_farm, uniq_duvessa
Temple:   bh_familiar_temple

Skill      XL: |  1  2  3  4  5  6  7  8 |
---------------+-------------------------+-----
Spellcasting   | 3 4 5 6 |  6.1
Fighting       | 1 2 3 |  3.0
Dodging        | 3 |  3.0
Stealth        | |  1.5

Action                   |  1- 3 |  4- 6 |  7- 9 || total
-------------------------+-------+-------+-------++-------
Melee: Dagger            |       |     1 |     8 ||     9
 Cast: Foxfire           |    24 |    26 |    22 ||    72
       Magic Dart        |    19 |    21 |     6 ||    46
       Scorch            |     9 |    14 |     1 ||    24
       Inner Flame       |       |     3 |    11 ||    14
       Kindle Blastspark |       |     5 |    19 ||    24
       Tukima's Dance    |       |       |     3 ||     3
       Flame Wave        |       |       |     2 ||     2
       Blink             |       |       |     2 ||     2
  Use: Scroll            |       |       |     4 ||     4
Armor: Robe              |     4 |     6 |     5 ||    15
Dodge: Dodged            |     7 |    12 |    26 ||    45

Table legend: (Time is in decaauts)
 A = Elapsed time spent in this place.
 B = Non-inter-level travel time spent in this place.
 C = Inter-level travel time spent in this place.
 D = Time resting spent in this place.
 E = Time spent auto-exploring this place.
 F = Levels seen in this place.
 G = Mean time per level.
                   A        B        C        D        E       F      G
               +--------+--------+--------+--------+--------+-----+--------+
         Total |   3691 |   3562 |    129 |    545 |   2092 |   6 |  615.2 |
       Dungeon |   3454 |   3338 |    116 |    545 |   1875 |   5 |  690.8 |
        Temple |    237 |    224 |     13 |      0 |    217 |   1 |  237.0 |
               +--------+--------+--------+--------+--------+-----+--------+

Top non-repeatable levels by time:
     D:2: 971 daAuts
     D:3: 820 daAuts
     D:4: 648 daAuts
     D:1: 616 daAuts
     D:6: 396 daAuts
  Temple: 237 daAuts
